General information
- name: BNet
- type: Ladder team game (AT/RT)
- host: Battle.net
- saver: Ze.Rath3isaFaig
map: Friends
- players: 8
- length: 28:25
- speed: Fast
- version: 1.23 W3XP
- replay type: Public
» download(255 KB)
Players
team 1 (loser)

»
F.U.C.K.E.R.S. (
purple | 101 APM | 2833 actions | 27:55)
7 Dark Ranger
3 Black Arrow
3 Silence
1 Charm
» actions
| Assign group hotkey | 134 | |
| Basic commands | 16 | |
| Build / train | 126 | |
| Enter build submenu | 19 | |
| Enter hero's abilities submenu | 7 | |
| Right click | 1411 | |
| Select / deselect | 411 | |
| Select group hotkey | 605 | |
| Use ability | 104 | |
2833 total
» units
| Peon | 12 | |
| Grunt | 6 | |
| Troll Headhunter/Berserker | 46 | |
| Demolisher | 3 | |
67 total
» upgrades
| Ranged Weapons | 3 | |
| Armor | 2 | |
| Troll Regeneration | 1 | |
| Berserker Upgrade | 1 | |
7 total
» buildings
| War Mill | 1 | |
| Orc Burrow | 5 | |
| Barracks | 2 | |
| Altar of Storms | 1 | |
| Voodoo Lounge | 1 | |
| Watch Tower | 7 | |
| Stronghold | 3 | |
| Fortress | 2 | |
22 total
» build order
00:20 War Mill
00:35 Orc Burrow
00:49 Barracks
01:19 Altar of Storms
01:44 Orc Burrow
03:30 Voodoo Lounge
03:33 Orc Burrow
05:52 Watch Tower
05:54 Watch Tower
05:55 Watch Tower
05:57 Watch Tower
06:10 Watch Tower
06:12 Watch Tower
06:25 Watch Tower
07:22 Stronghold
07:22 Stronghold
08:28 Barracks
08:31 Orc Burrow
17:18 Fortress
17:18 Fortress
18:35 Orc Burrow
» items
| Healing Salve | 4 | |
| Scroll of Speed | 10 | |
| Lesser Clarity Potion | 4 | |
| Potion of Healing | 5 | |
| Orb of Lightning | 2 | |
25 total
wariscrafty (
orange | 71 APM | 2021 actions | 28:17)
4 Blademaster
2 Wind Walk
2 Critical Strike
5 Shadow Hunter
3 Serpent Ward
2 Healing Wave
» actions
| Assign group hotkey | 59 | |
| Basic commands | 117 | |
| Build / train | 88 | |
| ESC pressed | 1 | |
| Enter build submenu | 14 | |
| Enter hero's abilities submenu | 9 | |
| Give item / drop item | 2 | |
| Right click | 725 | |
| Select / deselect | 599 | |
| Select group hotkey | 289 | |
| Use ability | 118 | |
2021 total
» units
| Peon | 7 | |
| Grunt | 13 | |
| Shaman | 25 | |
| Tauren | 10 | |
55 total
» upgrades
| Berserker Strength | 1 | |
| Shaman Training | 2 | |
| Pulverize | 1 | |
4 total
» buildings
| Altar of Storms | 1 | |
| Orc Burrow | 6 | |
| Barracks | 1 | |
| Voodoo Lounge | 1 | |
| Stronghold | 1 | |
| War Mill | 1 | |
| Spirit Lodge | 1 | |
| Fortress | 1 | |
| Tauren Totem | 1 | |
14 total
» build order
00:03 Altar of Storms
00:14 Orc Burrow
00:38 Barracks
01:26 Orc Burrow
02:10 Voodoo Lounge
03:15 Stronghold
03:41 Orc Burrow
05:06 War Mill
05:47 Spirit Lodge
06:59 Fortress
12:04 Orc Burrow
12:11 Orc Burrow
12:51 Tauren Totem
23:54 Orc Burrow
» items
| Healing Salve | 3 | |
| Lesser Clarity Potion | 3 | |
| Potion of Healing | 3 | |
9 total

»
lo3withpandas (
yellow | 82 APM | 2303 actions | 28:06)
5 Archmage
2 Summon Water Elemental
3 Brilliance Aura
5 Paladin
2 Holy Light
3 Divine Shield
2 Firelord
1 Summon Lava Spawn
1 Soul Burn
» actions
| Assign group hotkey | 333 | |
| Basic commands | 44 | |
| Build / train | 81 | |
| ESC pressed | 1 | |
| Enter build submenu | 21 | |
| Enter hero's abilities submenu | 12 | |
| Right click | 1095 | |
| Select / deselect | 320 | |
| Select group hotkey | 213 | |
| Use ability | 183 | |
2303 total
» units
| Peasant | 8 | |
| Rifleman | 15 | |
| Priest | 8 | |
31 total
» upgrades
| Gunpowder | 3 | |
| Long Rifles | 1 | |
| Armor | 2 | |
| Priest Training | 2 | |
8 total
» buildings
| Altar of Kings | 1 | |
| Farm | 10 | |
| Blacksmith | 1 | |
| Barracks | 2 | |
| Lumber Mill | 1 | |
| Keep | 1 | |
| Castle | 1 | |
| Arcane Vault | 1 | |
| Arcane Sanctum | 2 | |
| Workshop | 2 | |
| Gryphon Aviary | 1 | |
23 total
» build order
00:09 Altar of Kings
00:13 Farm
01:25 Blacksmith
01:28 Barracks
01:57 Barracks
02:11 Farm
03:14 Farm
03:35 Farm
03:48 Lumber Mill
04:17 Farm
05:20 Farm
05:52 Keep
08:31 Castle
09:04 Arcane Vault
10:51 Farm
10:52 Farm
10:53 Farm
15:26 Arcane Sanctum
15:28 Arcane Sanctum
18:14 Farm
25:33 Workshop
25:37 Gryphon Aviary
25:40 Workshop
» items
| Healing Salve | 3 | |
| Scroll of Regeneration | 1 | |
| Scroll of Town Portal | 4 | |
8 total

»
TheRatPoacher (
pink | 103 APM | 2919 actions | 28:24)
3 Tauren Chieftain
1 Shockwave
2 Endurance Aura
5 Shadow Hunter
3 Healing Wave
2 Hex
» actions
| Assign group hotkey | 687 | |
| Basic commands | 2 | |
| Build / train | 72 | |
| Enter build submenu | 14 | |
| Enter hero's abilities submenu | 8 | |
| Give item / drop item | 1 | |
| Remove unit from queue | 1 | |
| Right click | 952 | |
| Select / deselect | 289 | |
| Select group hotkey | 819 | |
| Use ability | 74 | |
2919 total
» units
| Peon | 10 | |
| Troll Headhunter/Berserker | 8 | |
| Wind Rider | 14 | |
| Troll Batrider | 10 | |
42 total
» upgrades
| Ranged Weapons | 3 | |
| Armor | 3 | |
| Berserker Upgrade | 1 | |
| Envenomed Spears | 1 | |
| Liquid Fire | 1 | |
| Troll Regeneration | 1 | |
| Reinforced Defenses | 1 | |
| Spiked Barricades | 1 | |
12 total
» buildings
| Altar of Storms | 1 | |
| Orc Burrow | 7 | |
| Barracks | 1 | |
| War Mill | 1 | |
| Stronghold | 2 | |
| Voodoo Lounge | 1 | |
| Beastiary | 2 | |
| Fortress | 1 | |
16 total
» build order
00:07 Altar of Storms
00:11 Orc Burrow
00:52 Barracks
01:15 War Mill
01:46 Orc Burrow
02:52 Orc Burrow
03:59 Stronghold
03:59 Stronghold
04:13 Voodoo Lounge
05:14 Orc Burrow
06:53 Beastiary
06:57 Beastiary
06:59 Fortress
09:30 Orc Burrow
10:47 Orc Burrow
11:48 Orc Burrow
» items
| Healing Salve | 1 | |
| Scroll of Town Portal | 2 | |
| Lesser Clarity Potion | 1 | |
4 total
team 2 (winner)
Ze.Rath3isaFaig (
red | 65 APM | 1836 actions | 28:25)
7 Keeper of the Grove
3 Entangling Roots
3 Thorns Aura
1 Tranquility
5 Dark Ranger
3 Black Arrow
2 Silence
» actions
| Assign group hotkey | 43 | |
| Basic commands | 411 | |
| Build / train | 84 | |
| ESC pressed | 2 | |
| Enter build submenu | 16 | |
| Enter hero's abilities submenu | 13 | |
| Right click | 483 | |
| Select / deselect | 389 | |
| Select group hotkey | 318 | |
| Use ability | 77 | |
1836 total
» units
| Wisp | 14 | |
| Archer | 17 | |
| Forest Troll Berserker | 1 | |
| Forest Troll Shadow Priest | 1 | |
| Druid of the Talon | 1 | |
| Chimaera | 8 | |
| Hippogryph | 8 | |
50 total
» upgrades
| Improved Bows | 1 | |
| Strength of the Moon | 1 | |
| Marksmanship | 1 | |
3 total
» buildings
| Altar of Elders | 1 | |
| Moon Well | 5 | |
| Ancient of War | 3 | |
| Tree of Ages | 2 | |
| Hunter's Hall | 1 | |
| Ancient of Wonders | 1 | |
| Tree of Eternity | 2 | |
| Ancient of Wind | 1 | |
| Chimaera Roost | 2 | |
18 total
» build order
00:12 Altar of Elders
00:24 Moon Well
01:23 Ancient of War
01:28 Ancient of War
01:39 Ancient of War
01:59 Moon Well
02:08 Moon Well
04:55 Tree of Ages
04:57 Hunter's Hall
05:24 Ancient of Wonders
07:22 Tree of Eternity
07:25 Ancient of Wind
10:48 Chimaera Roost
10:50 Chimaera Roost
12:55 Moon Well
14:15 Moon Well
» items
| Scroll of Town Portal | 1 | |
| Potion of Healing | 3 | |
| Scroll of Regeneration | 1 | |
| Anti-magic Potion | 1 | |
| Orb of Venom | 1 | |
7 total

»
mazda3 (
teal | 87 APM | 2478 actions | 28:24)
7 Archmage
3 Summon Water Elemental
3 Brilliance Aura
1 Mass Teleport
5 Paladin
3 Holy Light
2 Devotion Aura
» actions
| Assign group hotkey | 100 | |
| Basic commands | 4 | |
| Build / train | 66 | |
| Enter build submenu | 23 | |
| Enter hero's abilities submenu | 13 | |
| Right click | 1228 | |
| Select / deselect | 495 | |
| Select group hotkey | 403 | |
| Use ability | 146 | |
2478 total
» units
| Peasant | 21 | |
| Rifleman | 15 | |
| Mortar Team | 9 | |
45 total
» upgrades
» buildings
| Altar of Kings | 1 | |
| Farm | 10 | |
| Blacksmith | 1 | |
| Barracks | 3 | |
| Lumber Mill | 1 | |
| Arcane Vault | 1 | |
| Keep | 1 | |
| Workshop | 2 | |
| Scout Tower | 1 | |
| Town Hall | 1 | |
22 total
» build order
00:07 Altar of Kings
00:21 Farm
00:57 Farm
01:09 Blacksmith
01:34 Farm
01:54 Barracks
02:15 Lumber Mill
02:22 Barracks
03:07 Farm
05:41 Arcane Vault
07:01 Keep
07:35 Farm
08:38 Farm
09:17 Farm
10:04 Farm
10:07 Workshop
10:11 Workshop
11:17 Farm
12:32 Farm
19:20 Barracks
19:37 Scout Tower
21:33 Town Hall
» items
| Scroll of Regeneration | 2 | |
| Potion of Healing | 1 | |
3 total

»
Multishow (
green | 63 APM | 1786 actions | 28:24)
7 Priestess of the Moon
3 Searing Arrows
3 Trueshot Aura
1 Starfall
5 Keeper of the Grove
3 Entangling Roots
2 Thorns Aura
» actions
| Assign group hotkey | 85 | |
| Build / train | 94 | |
| Enter build submenu | 18 | |
| Enter hero's abilities submenu | 12 | |
| Give item / drop item | 1 | |
| Right click | 788 | |
| Select / deselect | 326 | |
| Select group hotkey | 391 | |
| Use ability | 71 | |
1786 total
» units
| Wisp | 15 | |
| Archer | 24 | |
| Druid of the Talon | 11 | |
| Faerie Dragon | 5 | |
| Hippogryph | 4 | |
59 total
» upgrades
| Strength of the Moon | 2 | |
| Improved Bows | 1 | |
| Reinforced Hides | 1 | |
| Strength of the Wild | 2 | |
| Druid of the Talon Training | 2 | |
| Mark of the Talon | 1 | |
| Hippogryph Taming | 1 | |
| Moon Armor | 1 | |
| Marksmanship | 1 | |
12 total
» buildings
| Ancient of War | 1 | |
| Altar of Elders | 1 | |
| Moon Well | 8 | |
| Ancient of Wonders | 1 | |
| Hunter's Hall | 1 | |
| Tree of Ages | 1 | |
| Ancient Protector | 2 | |
| Tree of Eternity | 1 | |
| Ancient of Wind | 2 | |
| Chimaera Roost | 1 | |
| Tree of Life | 1 | |
20 total
» build order
00:15 Ancient of War
00:20 Altar of Elders
00:36 Moon Well
01:50 Moon Well
01:59 Ancient of Wonders
02:54 Hunter's Hall
03:16 Moon Well
04:16 Tree of Ages
04:57 Ancient Protector
05:04 Ancient Protector
05:23 Moon Well
05:51 Moon Well
08:42 Tree of Eternity
08:45 Ancient of Wind
11:02 Ancient of Wind
12:42 Chimaera Roost
14:27 Moon Well
15:50 Moon Well
17:00 Moon Well
26:22 Tree of Life
» items
| Dust of Appearance | 1 | |
| Scroll of Regeneration | 3 | |
| Potion of Healing | 2 | |
6 total
warloard (
blue | 37 APM | 1038 actions | 28:24)
6 Mountain King
3 Storm Bolt
2 Bash
1 Avatar
4 Paladin
2 Devotion Aura
1 Divine Shield
1 Holy Light
» actions
| Basic commands | 53 | |
| Build / train | 84 | |
| Enter build submenu | 16 | |
| Enter hero's abilities submenu | 12 | |
| Right click | 494 | |
| Select / deselect | 299 | |
| Use ability | 80 | |
1038 total
» units
| Peasant | 20 | |
| Footman | 9 | |
| Priest | 11 | |
| Knight | 13 | |
| Spell Breaker | 7 | |
60 total
» upgrades
| Defend | 1 | |
| Priest Training | 1 | |
| Animal War Training | 1 | |
| Swords | 2 | |
| Plating | 2 | |
7 total
» buildings
| Farm | 11 | |
| Lumber Mill | 1 | |
| Altar of Kings | 1 | |
| Barracks | 2 | |
| Scout Tower | 3 | |
| Guard Tower | 1 | |
| Arcane Tower | 1 | |
| Keep | 1 | |
| Castle | 1 | |
| Arcane Sanctum | 1 | |
| Blacksmith | 1 | |
| Town Hall | 1 | |
| Arcane Vault | 1 | |
26 total
» build order
00:36 Farm
00:43 Lumber Mill
00:51 Altar of Kings
01:06 Farm
01:22 Barracks
02:07 Farm
02:08 Farm
02:13 Farm
02:32 Scout Tower
02:33 Scout Tower
03:15 Guard Tower
03:22 Scout Tower
03:48 Barracks
03:52 Arcane Tower
06:00 Keep
08:24 Castle
09:27 Arcane Sanctum
09:30 Farm
09:30 Farm
12:13 Blacksmith
20:17 Town Hall
22:05 Arcane Vault
23:10 Farm
23:10 Farm
23:11 Farm
23:12 Farm
» items
Chat log
(00:07 / All) F.U.C.K.E.R.S.: wat u want to say red
(00:15 / All) Ze.Rath3isaFaig: you're the one that talks, not me
(00:26 / All) F.U.C.K.E.R.S.: free win?
(00:39 / Allies) Ze.Rath3isaFaig: ?
(00:45 / Allies) mazda3: units blue
(00:56 / Allies) Ze.Rath3isaFaig: what hero tela?
(00:57 / Allies) Multishow: archers here to begin
(00:57 / Allies) warloard: knights and prist
(00:59 / Allies) Ze.Rath3isaFaig: or green
(01:07 / Allies) Ze.Rath3isaFaig: i'll archer too
(01:12 / Allies) Ze.Rath3isaFaig: can you both do footmen with defend?
(01:16 / Allies) Ze.Rath3isaFaig: maybe push early
(01:32 / Allies) Ze.Rath3isaFaig: green what hero
(01:33 / Allies) Multishow: herp red?
(01:45 / Allies) Multishow: got pot,
(01:51 / Allies) Ze.Rath3isaFaig: kotg then
(02:15 / All) Ze.Rath3isaFaig: you know why we lost that game
(02:25 / All) F.U.C.K.E.R.S.: y
(02:36 / All) Ze.Rath3isaFaig: is that y for yes?
(02:36 / All) F.U.C.K.E.R.S.: cuz we together?
(02:46 / All) F.U.C.K.E.R.S.: rifles?
(02:48 / All) F.U.C.K.E.R.S.: no hmana
(02:53 / All) F.U.C.K.E.R.S.: no human
(02:55 / All) Ze.Rath3isaFaig: we played their game
(03:01 / All) Ze.Rath3isaFaig: no human too, but we ran around the map the entire game....
(03:11 / All) F.U.C.K.E.R.S.: true
(03:14 / All) F.U.C.K.E.R.S.: no team works
(03:15 / All) Ze.Rath3isaFaig: I'd say watch the replay, but it'd be stupid if you watched what we did
(03:41 / Allies) Ze.Rath3isaFaig: team cc this then lets hit
(04:01 / Allies) Multishow: there first red
(04:09 / Allies) Ze.Rath3isaFaig: meet us down here then
(04:13 / Allies) Ze.Rath3isaFaig: we hit our side when you're ready
(04:25 / Allies) warloard: we rushing?|
(04:27 / Allies) Ze.Rath3isaFaig: yes
(04:51 / Allies) mazda3: goblue
(04:54 / Allies) mazda3: idiot
(05:03 / Allies) Ze.Rath3isaFaig: blue mass up man
(05:12 / Allies) Ze.Rath3isaFaig: get like 8+ foots then we go
(05:26 / Allies) Ze.Rath3isaFaig: OUT
(05:27 / Allies) Ze.Rath3isaFaig: NOW
(05:29 / Allies) Ze.Rath3isaFaig: NOW
(05:35 / Allies) Ze.Rath3isaFaig: mass footmen tnow
(05:41 / Allies) Ze.Rath3isaFaig: we'll tp in
(06:02 / Allies) Ze.Rath3isaFaig: k tp now
(06:13 / Allies) Ze.Rath3isaFaig: gogog tp
(06:15 / Allies) Ze.Rath3isaFaig: then coutner
(07:32 / Allies) Ze.Rath3isaFaig: 100 lumber please
(09:21 / Allies) Ze.Rath3isaFaig: yeah go push now
(09:40 / Allies) Ze.Rath3isaFaig: DON
(09:41 / Allies) Ze.Rath3isaFaig: RUN IN
(09:42 / Allies) Ze.Rath3isaFaig: FIGHT OTU HERE
(10:23 / All) mazda3: lol
(10:25 / All) mazda3: wyverns?
(10:28 / All) mazda3: ur kidding?
(11:55 / Allies) Ze.Rath3isaFaig: out we go bakc srhorly
(11:56 / Allies) Ze.Rath3isaFaig: out
(11:59 / Allies) Ze.Rath3isaFaig: trust me get out
(12:05 / Allies) Ze.Rath3isaFaig: just tp blue
(12:23 / Allies) Ze.Rath3isaFaig: lol is aid out
(12:34 / Allies) Ze.Rath3isaFaig: just keep massing we need dispell and we'll be ok
(12:45 / Allies) Ze.Rath3isaFaig: get anti casters blue
(12:59 / Allies) Ze.Rath3isaFaig: tp
(13:08 / Allies) Ze.Rath3isaFaig: coming
(14:48 / Allies) Ze.Rath3isaFaig: blue back up
(14:50 / Allies) Ze.Rath3isaFaig: you fucking idiot
(15:01 / Allies) Ze.Rath3isaFaig: god you're stupid
(15:25 / Allies) Ze.Rath3isaFaig: b
(16:34 / All) F.U.C.K.E.R.S.: well gg?
(16:35 / Allies) mazda3: wtf
(16:36 / Allies) mazda3: my god
(16:39 / All) F.U.C.K.E.R.S.: same shit happen
(17:29 / Allies) Ze.Rath3isaFaig: sh
(18:07 / Allies) Ze.Rath3isaFaig: go
(18:19 / Allies) Ze.Rath3isaFaig: DR
(18:42 / Allies) Ze.Rath3isaFaig: just keep massing
(18:46 / Allies) Ze.Rath3isaFaig: we'll be fine we just need brakers
(18:48 / Allies) Ze.Rath3isaFaig: to steal their lust
(19:27 / Allies) Ze.Rath3isaFaig: careful they'll be back soon
(20:04 / Allies) Ze.Rath3isaFaig: meet
(20:05 / Allies) Ze.Rath3isaFaig: here we go
(20:09 / Allies) Ze.Rath3isaFaig: teal runto blue now
(20:19 / Allies) Ze.Rath3isaFaig: we can win this if we micro
(20:21 / Allies) Ze.Rath3isaFaig: teal back up
(20:28 / Allies) Ze.Rath3isaFaig: AM NOW
(21:27 / Allies) Ze.Rath3isaFaig: don't go yet
(21:29 / Allies) Ze.Rath3isaFaig: just keep massing
(21:31 / Allies) Ze.Rath3isaFaig: we're ahead now
(21:41 / Allies) Ze.Rath3isaFaig: trust me don't go yet
(21:42 / Allies) Ze.Rath3isaFaig: just mass
(21:54 / Allies) Ze.Rath3isaFaig: blue you got breakers yet?
(22:12 / Allies) warloard: getting valt
(22:28 / Allies) Ze.Rath3isaFaig: when my chims come we go one
(22:41 / Allies) Ze.Rath3isaFaig: ty
(22:45 / Allies) Multishow: np
(22:50 / Allies) Ze.Rath3isaFaig: i need anti magic
(22:53 / Allies) Ze.Rath3isaFaig: wait at tealsabse
(23:36 / Allies) Ze.Rath3isaFaig: get back
(23:38 / Allies) Ze.Rath3isaFaig: run to teal now
(23:40 / Allies) Ze.Rath3isaFaig: last fight I thnk
(23:41 / Allies) Ze.Rath3isaFaig: we can win this
(23:53 / Allies) Ze.Rath3isaFaig: gather now
(23:57 / Allies) Ze.Rath3isaFaig: geto tb lue now
(24:08 / Allies) Ze.Rath3isaFaig: GOGO
(24:25 / Allies) Multishow: sf
(24:26 / Allies) Ze.Rath3isaFaig: nice
(24:27 / Allies) Multishow: lol
(25:35 / Allies) mazda3: take my mine
(25:36 / Allies) Ze.Rath3isaFaig: now we counter
(25:37 / Allies) mazda3: i have no peons
(25:42 / Allies) Ze.Rath3isaFaig: gren come
(25:45 / Allies) Ze.Rath3isaFaig: stop chasing
(25:47 / Allies) Ze.Rath3isaFaig: we have to coutner and try and push
(25:56 / Allies) Ze.Rath3isaFaig: cc this
(25:57 / Allies) Ze.Rath3isaFaig: then we go
(26:07 / Allies) Ze.Rath3isaFaig: come i heal
(26:08 / Allies) mazda3: expand at my mine
(26:10 / Allies) mazda3: no peons
(26:12 / Allies) mazda3: bull shit
(26:42 / Allies) Ze.Rath3isaFaig: wait for my chism
(26:42 / Allies) Ze.Rath3isaFaig: then weog
(26:52 / Allies) Ze.Rath3isaFaig: IF TOO MUCH GET OUT
(26:55 / Allies) Ze.Rath3isaFaig: WE DONT HAVE TO MFIGHT
(27:26 / Allies) Ze.Rath3isaFaig: us
(27:29 / Allies) Ze.Rath3isaFaig: the scorll green
(27:36 / All) Ze.Rath3isaFaig: same shit bro
(27:39 / All) Ze.Rath3isaFaig: the same shit...
(27:41 / All) F.U.C.K.E.R.S.: yea
(27:42 / All) F.U.C.K.E.R.S.: gg
(27:52 / All) Ze.Rath3isaFaig: gon to post
(27:54 / All) Ze.Rath3isaFaig: this replay
(27:57 / All) Ze.Rath3isaFaig: worth watching
(28:11 / Allies) Ze.Rath3isaFaig: gj guys
(28:13 / Allies) Ze.Rath3isaFaig: awesome game